 Dungeon Crawl Stone Soup version 0.28-b1-25-g9875b3fc8c (webtiles) character file.

Game seed: 8852994098775252212

39 Masnef the Archer (level 3, -1/22 HPs)
             Began as a Gnoll Wanderer on Feb 6, 2022.
             Was a Follower of Hepliaklqana.
             Slain by a scorpion (6 damage)
             ... on level 2 of the Dungeon.
             The game lasted 00:03:14 (1320 turns).

Masnef the Archer (Gnoll Wanderer)                  Turns: 1320, Time: 00:03:14

Health: -1/22      AC:  6    Str: 13    XL:     3   Next: 47%
Magic:  5/5        EV: 10    Int: 10    God:    Hepliaklqana [*.....]
Gold:   45         SH:  0    Dex: 12    Spells: 3/3 levels left

rFire   . . .      SeeInvis .   c - +0 hand axe
rCold   . . .      Faith    .   (no shield)
rNeg    . . .      Spirit   .   d - +0 ring mail
rPois   .          Reflect  .   (no helmet)
rElec   .          Harm     .   (no cloak)
rCorr   .          Rampage  .   (no gloves)
Will    .....                   (no boots)
Stlth   +.........              (no amulet)
HPRegen 0.07/turn               (no ring)
MPRegen 0.09/turn               (no ring)

@: no status effects
A: reduced essence, fangs 1, strong nose, distributed training
a: Renounce Religion, Recall Ancestor, Ancestor Identity


You were on level 2 of the Dungeon.
You worshipped Hepliaklqana.
Hepliaklqana was aware of your devotion.
You visited 1 branch of the dungeon, and saw 2 of its levels.

You collected 45 gold pieces.

Inventory:

Hand Weapons
 a - a +2 shortbow
 c - a +0 hand axe (weapon)
Missiles
 b - 27 arrows
Armour
 d - a +0 ring mail (worn)
 h - an orb of energy
Scrolls
 e - a scroll of vulnerability {unknown}
 f - a scroll of identify {unknown}
 g - a scroll of immolation {unknown}
 i - a scroll of silence {unknown}
 l - a scroll of fear {unknown}
 n - a scroll of blinking {unknown}
Potions
 j - a potion of attraction {unknown}
 k - a potion of heal wounds {unknown}
 m - a potion of curing {unknown}


   Skills:
 + Level 0.8 Fighting
 + Level 0.8 Short Blades
 + Level 0.8 Long Blades
 + Level 4.5 Axes
 + Level 0.8 Maces & Flails
 + Level 0.8 Polearms
 + Level 0.8 Staves
 + Level 0.8 Slings
 + Level 8.5 Bows
 + Level 0.8 Crossbows
 + Level 0.8 Throwing
 + Level 4.5 Armour
 + Level 0.8 Dodging
 + Level 2.4 Stealth
 + Level 0.8 Shields
 + Level 0.8 Unarmed Combat
 + Level 0.8 Spellcasting
 + Level 0.5 Conjurations
 + Level 0.5 Hexes
 + Level 0.5 Summonings
 + Level 0.5 Necromancy
 + Level 0.5 Translocations
 + Level 0.5 Transmutations
 + Level 0.5 Fire Magic
 + Level 0.5 Ice Magic
 + Level 0.5 Air Magic
 + Level 0.5 Earth Magic
 + Level 0.5 Poison Magic
 + Level 2.6 Invocations
 + Level 0.8 Evocations


You had 3 spell levels left.
You didn't know any spells.
Your spell library was empty.

Dungeon Overview and Level Annotations

Branches:
Dungeon (2/15)

Altars:
Hepliaklqana
Xom

Annotations:
D:2 Sigmund


Innate Abilities, Weirdness & Mutations

Your life essence is reduced to manifest your ancestor. (-10% HP)
You have very sharp teeth.
Your uncanny sense of smell can sniff out nearby items.
Your experience applies equally to all skills.


Message History

Found a stone staircase leading down.
The scorpion barely misses you.
You hit the scorpion but do no damage. The scorpion barely misses you.
You hit the scorpion.
The scorpion is lightly wounded.
The scorpion misses you.
You hit the scorpion.
The scorpion is moderately wounded.
The scorpion stings you. The scorpion misses you.
You barely miss the scorpion.
The scorpion is moderately wounded.
The scorpion misses you.
You hit the scorpion but do no damage.
The scorpion is moderately wounded.
The scorpion stings you but does no damage.
You swap places.
The scorpion stings Flea!
Flea closely misses the scorpion.
The scorpion stings Flea.
Flea barely misses the scorpion.
The scorpion stings Flea.
Flea is destroyed!
The scorpion barely misses you. The scorpion closely misses you.
The scorpion misses you.
You barely miss the scorpion.
You bite the scorpion, but do no damage.
The scorpion is moderately wounded.
The scorpion stings you.
You are poisoned.
The scorpion poisons you! The scorpion closely misses you.
You feel very sick.
You feel sick.
You feel sick.
You feel sick.
The scorpion stings you but does no damage.
You feel sick.
You see here a giant cockroach corpse.
You feel sick.
You feel sick. The scorpion barely misses you.
You feel sick.
You are no longer poisoned.
The scorpion stings you.
You die...

########### #.........#
######
#.........#######....#
#.................#..#
##.##...#..########.##
#.##.......## #.#
##.##...#†#..######.####
...............s@.........>
....#.##..##..#####.####...
................. ..#
......##.##........##
P♣.....#..####.#...#
.......##.## .#....
.......# ..# ...#..#
..#....# #># ...#...####
..#....###.# .#...#......


You could see a scorpion.

Vanquished Creatures
  An adder (D:2)
  2 dart slugs
  3 bats (D:1)
  An endoplasm (D:1)
  A giant cockroach (D:2)
  2 goblins (D:1)
  A hobgoblin (D:2)
  3 kobolds
  3 quokkas
  3 ball pythons (D:1)
  2 frilled lizards
  A rat (D:1)
23 creatures vanquished.

Vanquished Creatures (collateral kills)
  An endoplasm (D:1)
  A bat (D:1)
  A frilled lizard (D:2)
3 creatures vanquished.

Vanquished Creatures (others)
  An ancestor (D:2)
  A fungus (D:1)
2 creatures vanquished.

Grand Total: 28 creatures vanquished

Notes
Turn   | Place    | Note
-------+----------+-------------------------------------------
     0 | D:1      | Masnef the Gnoll Wanderer began the quest for the Orb.
     0 | D:1      | Masnef set off with the following items: a +2 shortbow, 28
                  | arrows, a +0 hand axe, a +0 ring mail
     0 | D:1      | Reached XP level 1. HP: 13/13 MP: 2/2
   200 | D:1      | Reached XP level 2. HP: 19/19 MP: 3/3
   290 | D:1      | Found a faded altar of an unknown god.
   293 | D:1      | Prayed at the altar of an unknown god.
   293 | D:1      | Became a worshipper of Hepliaklqana the Forgotten
   293 | D:1      | Reached * piety under Hepliaklqana
   955 | D:2      | Reached XP level 3. HP: 18/22 MP: 4/4
  1004 | D:2      | Found a shimmering altar of Xom.
  1172 | D:2      | Noticed Sigmund
  1283 | D:2      | Noticed a scorpion
  1320 | D:2      | Slain by a scorpion

Illustrated notes

Levels and vault maps discovered:
D:1:      roderic_octagonal_star, layout_loops_ring,
          shapermc_ecumenical_altar_hornbeckon, st_stairs_3
D:2:      layout_rooms, basic_altar, serial_park_tiny_1, uniq_sigmund

Action                   || total
-------------------------++-------
Melee: Hand axe          ||    67
       Bite              ||     7
 Fire: Shortbow          ||    13
Invok: Ancestor Identity ||     1
 Stab: Sleeping          ||     1
Armor: Ring mail         ||    39
Dodge: Dodged            ||    42
